Map: 16비트 - 래더

Players

Zanster

  • Race: Zerg Zerg
  • League: Master
  • Spawn Location: 7:00

FanTaSy - Winner!

  • Race: Terran Terran
  • League: Diamond
  • Spawn Location: 1:00

Event: HomeStory Cup XVII

VOD

Have the link to the VOD?

Description

Time

  • Played on: June 29, 2018, 1:55 p.m.
  • Length: 18:53

All games in this series

Show
View Real Time Build Order
Export as new Build Order

Zanster Zerg 

Build Orders: Hatch First, Brood Lord Corruptor, Swarm Host 

Get SALT Encoding   

  12  0:01  Drone  
  13  0:12  Overlord  
  13  0:17  Drone  
  14  0:31  Drone x2  
  14  0:35  Drone  
  17  0:52  Hatchery  
  17  0:56  Drone  
  17  0:59  Drone  
  18  1:10  Extractor  
  17  1:14  Spawning Pool  
  17  1:17  Drone  
  17  1:21  Drone  
  18  1:29  Drone  
  20  1:40  Drone  
  20  1:50  Overlord  
  20  2:01  Queen  
  20  2:04  Queen  
  20  2:07  Zergling x4  
  26  2:11  Metabolic Boost  
  26  2:14  Drone  
  27  2:16  Drone  
  28  2:24  Drone  
  29  2:30  Drone  
  30  2:42  Drone  
  30  2:43  Hatchery  
  30  2:49  Queen  
  32  2:53  Drone  
  32  2:57  Overlord  
  33  3:00  Drone  
  33  3:02  Drone  
  33  3:03  Drone  
  36  3:09  Overlord  
  36  3:18  Drone x4  
  36  3:19  Drone  
  41  3:22  Drone  
  41  3:24  Drone  
  41  3:25  Drone  
  44  3:31  Drone  
  44  3:33  Queen  
  47  3:40  Lair  
  47  3:42  Drone  
  47  3:44  Drone  
  47  3:46  Drone  
  50  3:48  Overlord  
  50  3:50  Drone  
  50  3:53  Drone  
  50  3:54  Extractor  
  50  3:55  Extractor, Drone  
  52  3:57  Drone  
  52  4:02  Queen  
  54  4:04  Zergling x2  
  54  4:06  Zergling x2  
  54  4:08  Drone  
  54  4:09  Drone  
  58  4:10  Extractor  
  58  4:11  Drone  
  58  4:16  Drone x2  
  61  4:17  Drone  
  61  4:21  Drone  
  61  4:22  Drone  
  61  4:23  Baneling Nest  
  61  4:24  Drone  
  64  4:25  Drone  
  64  4:28  Overlord  
  65  4:31  Spore Crawler  
  65  4:34  Overlord  
  65  4:38  Drone x2  
  66  4:48  Spire, Extractor, Drone x3  
  66  4:50  Drone x2  
  66  4:52  Drone  
  70  4:53  Drone  
  70  4:56  Overseer  
  69  5:00  Queen  
  69  5:04  Drone x3  
  69  5:06  Drone  
  75  5:07  Drone  
  75  5:09  Drone  
  75  5:10  Drone  
  75  5:11  Drone  
  75  5:12  Drone  
  80  5:16  Overlord  
  80  5:21  Overlord  
  80  5:23  Overlord x2  
  80  5:27  Extractor  
  79  5:34  Overlord x2  
  77  5:48  Drone x4  
  80  5:50  Hatchery  
  76  6:01  Mutalisk x7  
  90  6:05  Overseer  
  89  6:12  Drone x6  
  89  6:13  Drone  
  94  6:18  Drone  
  94  6:21  Drone  
  94  6:25  Drone x3  
  98  6:27  Overlord  
  96  6:33  Drone  
  96  6:34  Drone x2  
  97  6:44  Zergling x2  
  97  6:45  Zergling x10  
  94  6:58  Drone x7  
  101  7:03  Extractor, Roach Warren  
  101  7:07  Drone  
  100  7:08  Zerg Flyer Armor Level 1  
  100  7:13  Infestation Pit  
  99  7:18  Overlord  
  99  7:24  Drone x6  
  99  7:25  Queen  
  107  7:32  Mutalisk  
  107  7:33  Mutalisk x4  
  107  7:34  Mutalisk  
  119  7:39  Overlord  
  119  7:40  Drone  
  119  7:41  Drone x4  
  124  7:47  Overlord  
  124  7:54  Hive, Glial Reconstitution  
  124  7:55  Spine Crawler  
  124  7:57  Roach x3  
  129  8:01  Roach x2  
  129  8:03  Roach x2  
  136  8:13  Roach x6  
  136  8:14  Overlord  
  136  8:15  Overlord  
  136  8:16  Overlord  
  146  8:26  Overlord x2  
  146  8:35  Swarm Host x2  
  146  8:36  Swarm Host x5  
  146  8:39  Overlord x2  
  167  8:43  Swarm Host x3  
  167  8:48  Evolution Chamber  
  175  8:49  Evolution Chamber  
  175  8:50  Swarm Host  
  175  8:51  Swarm Host x2  
  183  9:03  Extractor  
  183  9:05  Hatchery  
  183  9:08  Queen  
  174  9:10  Drone x5  
  174  9:13  Overlord  
  173  9:26  Drone  
  173  9:27  Drone x2  
  173  9:29  Zerg Missile Weapons Level 1, Zerg Ground Armor Level 1  
  173  9:30  Swarm Host x2  
  182  9:32  Overlord x2  
  182  9:36  Extractor, Drone x3  
  184  9:41  Roach x4  
  192  9:49  Hatchery  
  179  10:15  Hydralisk Den  
  179  10:18  Hydralisk Den  
  173  10:23  Drone  
  173  10:24  Drone x6  
  173  10:25  Roach x2  
  173  10:26  Roach x8  
  200  10:30  Spore Crawler  
  200  10:32  Spore Crawler  
  198  10:46  Spine Crawler  
  196  10:53  Spine Crawler  
  196  10:54  Spine Crawler  
  196  10:55  Spine Crawler x3, Grooved Spines  
  185  11:15  Drone x6  
  185  11:18  Viper x3  
  195  11:26  Drone  
  195  11:27  Drone x4  
  195  11:28  Zerg Ground Armor Level 2, Zerg Missile Weapons Level 2  
  181  11:35  Greater Spire, Corruptor  
  181  11:36  Corruptor x6  
  181  11:38  Drone  
  181  11:39  Drone x12  
  181  11:52  Hydralisk x5  
  186  12:01  Hydralisk x5  
  185  12:06  Muscular Augments  
  194  12:09  Drone x6  
  193  12:24  Hydralisk x3  
  193  12:28  Overseer  
  193  12:29  Overseer  
  185  12:55  Unknown  
  185  12:58  Corruptor x6  
  189  13:06  Extractor  
  189  13:07  Extractor  
  184  13:13  Roach  
  184  13:14  Roach x6  
  184  13:16  Hatchery  
  194  13:29  Unknown  
  194  13:34  Drone  
  194  13:35  Drone x2  
  194  13:36  Drone x2  
  199  14:01  Unknown  
  193  14:08  Brood Lord x4  
  193  14:09  Brood Lord x5  
  194  14:12  Hydralisk x3  
  200  14:24  Corruptor x3  
  197  14:32  Drone x5  
  197  14:33  Drone  
  197  14:34  Drone  
  197  14:37  Hydralisk x6  
  198  14:44  Hydralisk  
  198  14:45  Hatchery, Hydralisk x2  
  197  14:51  Corruptor  
  198  14:55  Overlord  
  198  15:05  Hatchery  
  196  15:17  Viper  
  196  15:19  Viper  
  197  15:38  Zerg Flyer Armor Level 2  
  197  15:42  Hatchery  
  196  15:49  Viper x2  
  192  16:15  Hydralisk x4  
  200  16:39  Extractor  
  197  17:06  Unknown  
  177  17:10  Viper x2  
  177  17:14  Zergling x6  
  177  17:15  Zergling x32  
  192  17:29  Hydralisk x3  
  192  17:31  Overlord x2  
  192  17:35  Overlord  
  189  17:44  Hydralisk x2  
  189  17:48  Hydralisk x3  
  189  17:49  Hydralisk x2  
  197  17:56  Hydralisk x8  
  193  18:02  Unknown  
  193  18:04  Hydralisk x4  
  193  18:10  Hydralisk x2  
  162  18:24  Hydralisk x2  
  162  18:25  Hydralisk  
Show
View Real Time Build Order
Export as new Build Order

FanTaSy Terran - Winner!

Build Orders: Gas First Reaper Expand, Liberator Opening, Reaper Expand, Mech 

Get SALT Encoding   

  12  0:00  SCV  
  13  0:12  SCV  
  14  0:17  Supply Depot  
  14  0:24  SCV  
  15  0:30  Refinery  
  15  0:39  SCV  
  16  0:45  Barracks  
  16  0:51  SCV  
  17  1:03  SCV  
  18  1:15  SCV  
  19  1:31  Orbital Command  
  19  1:32  Reaper  
  20  1:44  Command Center  
  20  1:55  Factory  
  20  1:58  SCV  
  21  2:06  Refinery  
  21  2:09  Barracks Reactor  
  21  2:10  SCV  
  22  2:16  Supply Depot  
  22  2:22  SCV  
  23  2:38  SCV  
  23  2:42  Starport  
  24  2:50  SCV  
  29  2:51  Hellion x2  
  29  2:56  Orbital Command  
  29  3:00  Barracks Tech Lab  
  29  3:03  SCV  
  32  3:12  Hellion  
  32  3:14  Hellion  
  32  3:17  SCV  
  35  3:20  Liberator  
  35  3:24  Fusion Core  
  35  3:26  Marine  
  36  3:30  SCV  
  36  3:32  SCV  
  41  3:43  Supply Depot, SCV  
  41  3:45  SCV  
  43  3:56  SCV  
  43  3:57  SCV  
  43  3:59  Supply Depot  
  45  4:08  SCV  
  45  4:09  SCV  
  47  4:13  Advanced Ballistics  
  47  4:16  Supply Depot  
  47  4:17  Liberator  
  47  4:20  SCV  
  47  4:21  SCV  
  49  4:29  Command Center  
  49  4:36  SCV x2  
  54  4:39  Refinery  
  54  4:40  Refinery  
  54  4:41  Supply Depot  
  54  4:48  SCV x2  
  56  4:54  Hellion x2  
  56  4:56  Marine  
  61  5:00  SCV  
  61  5:01  SCV  
  61  5:06  Armory  
  63  5:10  Armory  
  63  5:14  SCV  
  64  5:15  Hellion x2  
  64  5:18  SCV  
  69  5:26  SCV  
  70  5:31  SCV  
  71  5:41  Factory x2  
  71  5:44  Orbital Command, Barracks Tech Lab  
  71  5:45  SCV x2  
  73  5:52  Starport Reactor, Hellion x2  
  73  5:55  Terran Vehicle Weapons Level 1  
  78  5:57  SCV x2  
  78  5:58  Terran Vehicle And Ship Armor Level 1  
  79  6:09  SCV x2  
  79  6:10  Orbital Command  
  81  6:18  Refinery, Hellion x2  
  85  6:20  Refinery  
  85  6:21  SCV x2  
  87  6:30  Engineering Bay  
  87  6:34  SCV x2  
  87  6:39  SCV  
  88  6:41  Thor  
  88  6:45  Supply Depot  
  88  6:46  Supply Depot, SCV  
  89  6:52  Viking  
  89  6:53  Viking  
  85  6:58  Thor  
  85  6:59  Hellion  
  85  7:00  Hellion  
  89  7:02  Missile Turret  
  89  7:03  Missile Turret  
  89  7:11  SCV x2  
  89  7:12  SCV  
  89  7:15  Missile Turret  
  92  7:16  Missile Turret  
  63  7:22  Medivac  
  91  7:23  Medivac  
  91  7:25  SCV x3  
  98  7:38  Siege Tank  
  98  7:39  Hellion x2  
  98  7:41  Siege Tank  
  106  7:44  Factory  
  106  7:47  Supply Depot x2, Factory  
  106  7:52  Viking  
  108  8:02  Viking  
  109  8:09  Terran Vehicle Weapons Level 2, Hellion x2  
  109  8:11  Terran Vehicle And Ship Armor Level 2  
  113  8:27  Siege Tank x2  
  113  8:30  Hellion  
  113  8:33  Factory Reactor  
  113  8:34  Factory Tech Lab  
  121  8:38  Supply Depot  
  121  8:39  Supply Depot x2  
  121  8:40  Viking  
  123  8:44  Viking  
  125  8:48  Command Center  
  125  8:50  Supply Depot x2  
  125  8:51  Supply Depot  
  111  9:06  Siege Tank x2  
  111  9:07  Hellion x2  
  121  9:15  Command Center  
  121  9:17  Command Center  
  119  9:29  Siege Tank  
  119  9:30  Hellion x4  
  130  9:35  SCV x3  
  130  9:38  Siege Tank x2  
  139  9:40  Viking x2  
  143  9:50  Refinery  
  143  9:52  Missile Turret, Liberator  
  143  9:53  Liberator  
  141  10:04  SCV x2  
  141  10:05  SCV  
  131  10:10  Planetary Fortress  
  136  10:16  Refinery, SCV  
  137  10:24  Siege Tank  
  137  10:25  Hellion x4  
  148  10:29  Siege Tank  
  148  10:31  Orbital Command  
  148  10:35  Orbital Command  
  151  10:37  Liberator  
  151  10:41  Liberator  
  151  10:45  Siege Tank  
  151  10:48  Hellion x4  
  162  10:52  Infernal Pre-Igniter  
  159  11:17  SCV, Hellion x4  
  159  11:18  SCV x2  
  166  11:19  SCV x2  
  165  11:27  Terran Vehicle Weapons Level 3  
  165  11:28  Terran Vehicle And Ship Armor Level 3  
  161  11:41  Siege Tank x2, Hellion  
  161  11:42  Hellion x3  
  173  11:58  Hellion  
  173  12:00  Smart Servos  
  167  12:03  Hellion x4  
  173  12:13  Hellion x2  
  174  12:24  Command Center  
  174  12:29  Liberator x2  
  171  12:32  Siege Tank, Hellbat  
  171  12:33  Hellbat x3  
  171  12:34  Siege Tank x2  
  188  12:40  Sensor Tower  
  174  13:06  Siege Tank x2  
  174  13:07  Siege Tank, Hellbat x4  
  174  13:12  Liberator x2  
  191  13:31  Hellbat x2  
  200  13:38  Siege Tank  
  198  13:42  Planetary Fortress  
  198  13:46  Missile Turret  
  187  14:05  Terran Ship Weapons Level 1  
  173  14:11  Hellbat x2  
  173  14:12  Hellbat x5, Viking x2  
  178  14:32  Refinery x2  
  168  14:46  Viking x2  
  168  14:48  Command Center  
  168  14:51  Rapid Fire Launchers  
  171  14:52  Cyclone  
  171  14:53  Cyclone x4  
  171  14:54  Cyclone x2  
  169  15:15  Starport  
  169  15:16  Viking x2  
  169  15:17  Starport  
  163  15:36  Cyclone x4  
  163  15:37  Cyclone  
  172  15:43  Cyclone x2  
  178  15:55  Starport Tech Lab  
  178  15:57  Starport Reactor  
  178  16:01  Viking  
  178  16:02  Viking  
  182  16:08  Cyclone  
  184  16:16  Raven  
  183  16:31  Viking  
  183  16:32  Viking  
  180  16:34  Viking  
  180  16:35  Terran Ship Weapons Level 2, Planetary Fortress, Viking  
  182  16:51  Thor  
  182  16:52  Refinery, Thor  
  182  16:53  Thor  
  200  16:57  Refinery  
  188  17:27  Command Center  
  188  17:31  Command Center  
  188  17:32  Raven, Viking x4  
  181  17:54  Thor x2  
  181  17:55  Thor  
  162  18:07  Viking x4  
Tags
 
Add a new tag
Caveats
  • Supply blocks, unpowered buildings, or Contaminate may cause inaccurate times.
  • Supply counts are checked every 10 seconds.